 Dungeon Crawl Stone Soup version 0.21.0 (webtiles) character file.

156 HungrySpirit the Ducker (level 5, -7/30 HPs)
             Began as a Deep Elf Artificer on Jan 8, 2018.
             Killed themself with a badly aimed iceblast (10 damage)
             ... on level 2 of the Dungeon.
             The game lasted 00:04:10 (4165 turns).

HungrySpirit the Ducker (Deep Elf Artificer)        Turns: 4165, Time: 00:04:11

Health: -7/30      AC:  3    Str:  9    XL:     5   Next: 14%
Magic:  9/9        EV: 13    Int: 17    God:
Gold:   108        SH:  0    Dex: 15    Spells: 4/4 levels left

rFire    . . .     SeeInvis .   j - +1 dagger (speed)
rCold    . . .     Gourm    .   (no shield)
rNeg     + . .     Faith    .   i - +0 leather armour {rN+}
rPois    .         Spirit   .   (no helmet)
rElec    .         Reflect  .   (no cloak)
rCorr    .         Harm     .   (no gloves)
MR       .....                  (no boots)
Stlth    ++........             (no amulet)
HPRegen  0.10/turn              (no ring)
MPRegen  0.11/turn              (no ring)

@: no status effects
A: no striking features
a: no special abilities


You were on level 2 of the Dungeon.
You were not hungry.

You visited 1 branch of the dungeon, and saw 3 of its levels.

You collected 108 gold pieces.

Inventory:

Hand Weapons
 j - a +1 dagger of speed (weapon)
Armour
 i - a +0 leather armour of positive energy (worn)
Jewellery
 m - an uncursed ring of protection from cold {unknown}
Wands
 d - a wand of enslavement (13)
 e - a wand of random effects (14)
Scrolls
 g - a scroll of remove curse {unknown}
 h - 4 scrolls of identify {unknown}
 k - a scroll of teleportation {unknown}
 l - a scroll of enchant weapon {unknown}
 o - a scroll of enchant armour {unknown}
 q - a scroll of fog {unknown}
 r - a scroll of blinking {unknown}
Potions
 p - a potion of resistance {unknown}
Comestibles
 f - 5 rations


   Skills:
 + Level 2.0 Fighting
 * Level 3.6 Short Blades
 + Level 3.8 Dodging
 - Level 1.2 Stealth
 - Level 3.2 Evocations


You had 4 spell levels left.
You didn't know any spells.

Dungeon Overview and Level Annotations

Branches:
Dungeon (3/15)

Altars:
Uskayaw


Message History

An orc comes into view. It is wielding a dagger.
You hit the orc.
The orc is moderately wounded.
The orc hits you with a short sword.
* * * LOW HITPOINT WARNING * * *
You barely miss the orc.
The orc is moderately wounded.
The orc hits you with a short sword.
* * * LOW HITPOINT WARNING * * *
You climb upwards.
There is a stone staircase leading down here.
Unknown command.
Evoke which item? (* to show all) (? for menu, Esc to quit)
Aiming: Random Effects
Press: ? - help, Shift-Dir - straight line, f - orc
Aim: an orc, wielding a short sword (moderately wounded)
The mass of ice explodes!
The iceblast engulfs the orc.
You kill the orc!
The iceblast engulfs you!
You die...

#.....# #.....###.###.###
###.### ##..............# #.#
##..####.###.#.# #.# #..####.#
#.#.# ######.## #.......#
#.... #.......#
##'#########.#.# #.##....#
##...## ##.###. #.##.##.#
##..)..## ##.## ## #)##.#..#
##@......###.## #
#.......####)........###.## ##
####.......+.........'....###.
##....####.........####..#.#
#....## ##.......## ##..##
#[..## ##.....## #.... #...#
##...## ##.#.
#.############+## ###. #.#
#......# #.# #.


There were no monsters in sight!

Vanquished Creatures
  4 adders
  2 worms (D:2)
  2 dart slugs
  3 leopard geckos (D:1)
  4 orcs
  6 giant cockroaches
  3 goblins
  7 hobgoblins
  7 kobolds
  A ball python (D:2)
  9 bats
  3 frilled lizards
  5 rats
56 creatures vanquished.

Vanquished Creatures (collateral kills)
  An orc wizard (D:3)
  2 orcs (D:3)
3 creatures vanquished.

Vanquished Creatures (others)
  An orc priest (D:3)
1 creature vanquished.

Grand Total: 60 creatures vanquished

Notes
Turn   | Place    | Note
-------+----------+-------------------------------------------
     0 | D:1      | HungrySpirit the Deep Elf Artificer began the quest for the Orb.
     0 | D:1      | Reached XP level 1. HP: 11/11 MP: 5/5
    60 | D:1      | Reached skill level 1 in Fighting
   383 | D:1      | Reached XP level 2. HP: 8/16 MP: 6/6
  1973 | D:2      | Reached XP level 3. HP: 18/20 MP: 7/7
  2982 | D:2      | Found a hide-covered altar of Uskayaw.
  3004 | D:2      | Reached XP level 4. HP: 20/25 MP: 8/8
  3161 | D:2      | Noticed a dagger
  3161 | D:2      | Noticed a dagger
  3808 | D:3      | Reached XP level 5. HP: 15/30 MP: 9/9
  4165 | D:2      | Killed themself with a badly aimed iceblast

Skill      XL: |  1  2  3  4 |
---------------+-------------+-----
Fighting       | 1 2 |  2.0
Short Blades   | 2 3 |  3.6
Dodging        | 3 |  3.8
Stealth        | |  1.2
Evocations     | |  3.2

Action                   |  1- 3 |  4- 6 || total
-------------------------+-------+-------++-------
Melee: Short sword       |   145 |    52 ||   197
       Dagger            |       |    24 ||    24
Evoke: Wand              |    12 |     6 ||    18
  Use: Potion            |       |     3 ||     3
 Stab: Sleeping          |     5 |     1 ||     6
  Eat: Chunk             |     6 |     4 ||    10
Armor: Leather armour    |    48 |    15 ||    63
Dodge: Dodged            |   107 |    55 ||   162
